 Dungeon Crawl Stone Soup version 0.28-a0-653-g7e9dba17c3 (webtiles) character file.

Game seed: 13274856217906992259

42 blank1 the Ruffian (level 3, -1/27 HPs)
             Began as a Ghoul Gladiator on Oct 11, 2021.
             Was a Follower of Hepliaklqana.
             Slain by a goblin (2 damage)
             ... led by Robin
             ... on level 1 of the Dungeon.
             The game lasted 00:03:07 (990 turns).

blank1 the Ruffian (Ghoul Gladiator)                 Turns: 990, Time: 00:03:08

Health: -1/27      AC:  4    Str: 18    XL:     3   Next: 54%
Magic:  2/2        EV: 12    Int:  3    God:    Hepliaklqana [*.....]
Gold:   0          SH:  0    Dex: 10    Spells: 2/2 levels left

rFire   . . .      SeeInvis .     - Unarmed
rCold   + . .      Faith    .   (no shield)
rNeg    + + +      Spirit   .   a - +0 leather armour
rPois   ∞          Reflect  .   b - +0 helmet
rElec   .          Harm     .   (no cloak)
rCorr   .          Rampage  .   (no gloves)
Will    .....                   (no boots)
Stlth   +.........              (no amulet)
HPRegen 0.00/turn               (no ring)
MPRegen 0.08/turn               (no ring)

@: inhibited regen, hasted, very quick
A: reduced essence, claws 1, cold resistance 1, negative energy resistance 3,
inhibited regeneration, torment resistance 2
a: Renounce Religion, Recall Ancestor, Ancestor Identity


You were on level 1 of the Dungeon.
You worshipped Hepliaklqana.
Hepliaklqana was aware of your devotion.
You visited 1 branch of the dungeon, and saw 2 of its levels.

Inventory:

Missiles
 c - 3 throwing nets (quivered)
Armour
 a - a +0 leather armour (worn)
 b - a +0 helmet (worn)
Scrolls
 e - 2 scrolls of amnesia {unknown}
 g - a scroll of enchant weapon {unknown}
 i - a scroll of summoning {unknown}
Potions
 f - a potion of curing {unknown}
 h - a potion of haste


   Skills:
 + Level 2.8 Fighting
 - Level 1.7 Throwing
 + Level 1.1 Armour
 + Level 3.1 Dodging
 + Level 3.7 Unarmed Combat


You had 2 spell levels left.
You didn't know any spells.
Your spell library contained the following spells:

 Spells                   Type           Power      Damage    Failure   Level
 Ensorcelled Hibernation  Hex/Ice        0%         N/A       73%         2
 Tukima's Dance           Hex            0%         N/A       91%         3


Dungeon Overview and Level Annotations

Branches:
Dungeon (2/15)

Altars:
Hepliaklqana

Annotations:
D:2 Robin


Innate Abilities, Weirdness & Mutations

Your life essence is reduced to manifest your ancestor. (-10% HP)
You thrive by killing the living.
You are immune to poison.
You have sharp fingernails.
Your flesh is cold resistant. (rC+)
You are immune to negative energy. (rN+++)
You do not regenerate when monsters are visible.
You are immune to unholy pain and torment.


Message History

No target in view!
Unknown command.
No target in view!
Unknown command.
No target in view!
You swap places.
There is a stone staircase leading down here.
You climb downwards.
Level annotation: Robin The goblin hits you with a +0 dagger.
The goblin hits you with a +0 club. The goblin hits you with a +0 dagger.
The goblin hits you but does no damage. The goblin hits you with a +0 dagger.
Robin hits you from afar with a +0 spear.
The goblin barely misses you.
There is a stone staircase leading up here.
Unknown command.
Nakurtum misses the goblin.
The goblin hits you with a +0 dagger.
* * * LOW HITPOINT WARNING * * *
The goblin closely misses you. x2; The goblin hits you with a +0 club.
* * * LOW HITPOINT WARNING * * *
The goblin closely misses you.
Robin hits you from afar with a +0 spear.
* * * LOW HITPOINT WARNING * * *
The goblin barely misses you.
You climb upwards.
There is a stone staircase leading down here.
Unknown command.
Unknown command.
As you read the scroll labelled EXAMOI ATAU, it crumbles to dust.
You speak a Word of immense power!
It was a scroll of holy word.
The goblin misses you. The goblin completely misses you.
Nakurtum barely misses the goblin.
The goblin barely misses you. The goblin misses you.
Okay, then.
It was a potion of haste.
You feel yourself speed up. The goblin hits you but does no damage.
The goblin barely misses you.
Nakurtum hits the goblin.
The goblin dies!
The goblin hits you with a +0 club.
You die...

#...########...###.........###...
#...# #.......# ##.......## #...
#...#####.##...#######.#######...
...........#........#...#........
#...#####..#.........#.#.........
##### #..#.....###..#..#######.
#..#.###g# ##...†### #.
##..#.###g#####.....# #.
#...#.##g@)R.....#R.# #.
#.#.#.##g######.##..## #.
#.#.#.##g# #.##...## #.
######.#†#.##.# #.##....###.
#........#.##.######.####...##.
#.####.#.#...........# ##...##
#.#....######.######## ##....
#.#.#### #.#### #^_.. #.#.###
#....### ##....


You could see the friendly Nakurtum the ancestor and 5 goblins.

Vanquished Creatures
  4 bats (D:1)
  4 endoplasms (D:1)
  2 giant cockroaches (D:1)
  5 goblins (D:1)
  2 hobgoblins (D:1)
  4 jackals (D:1)
  4 kobolds (D:1)
  2 quokkas (D:1)
  3 ball pythons (D:1)
  2 frilled lizards (D:1)
  2 rats (D:1)
34 creatures vanquished.

Vanquished Creatures (collateral kills)
  A goblin (D:1)
1 creature vanquished.

Grand Total: 35 creatures vanquished

Notes
Turn   | Place    | Note
-------+----------+-------------------------------------------
     0 | D:1      | blank1 the Ghoul Gladiator began the quest for the Orb.
     0 | D:1      | Reached XP level 1. HP: 17/17 MP: 0/0
   259 | D:1      | Reached XP level 2. HP: 24/25 MP: 1/1
   270 | D:1      | Found a faded altar of an unknown god.
   624 | D:1      | Reached XP level 3. HP: 30/30 MP: 2/2
   647 | D:1      | Reached skill level 1 in Armour
   954 | D:1      | Prayed at the altar of an unknown god.
   954 | D:1      | Became a worshipper of Hepliaklqana the Forgotten
   954 | D:1      | Reached * piety under Hepliaklqana
   974 | D:2      | Noticed Robin
   987 | D:2      | HP: 1/27 [Robin (1)]
   990 | D:1      | Slain by a goblin

Illustrated notes

Levels and vault maps discovered:
D:1:      psy_arrival_dodecagon, layout_basic,
          hellmonk_ecumenical_altar_crossroads, minmay_domino_4
D:2:      layout_basic, basic_altar, hangedman_abyss_or_decor_lesser_grid,
          uniq_robin

Skill      XL: |  1  2  3 |
---------------+----------+-----
Dodging        | 3 |  3.1
Armour         | 1 |  1.1
Fighting       | |  2.8
Throwing       | |  1.7
Unarmed Combat | |  3.7

Action                   || total
-------------------------++-------
Melee: Unarmed           ||    91
       Punch             ||     1
Invok: Recall Ancestor   ||     1
       Ancestor Identity ||     1
  Use: Scroll            ||     1
       Potion            ||     1
Armor: Leather armour    ||    31
Dodge: Dodged            ||    78

Table legend: (Time is in decaauts)
 A = Elapsed time spent in this place.
 B = Non-inter-level travel time spent in this place.
 C = Inter-level travel time spent in this place.
 D = Time resting spent in this place.
 E = Time spent auto-exploring this place.
 F = Levels seen in this place.
 G = Mean time per level.
                   A        B        C        D        E       F      G
               +--------+--------+--------+--------+--------+-----+--------+
         Total |    985 |    919 |     66 |    175 |    543 |   2 |  492.5 |
       Dungeon |    985 |    919 |     66 |    175 |    543 |   2 |  492.5 |
               +--------+--------+--------+--------+--------+-----+--------+

Top non-repeatable levels by time:
     D:1: 979 daAuts
     D:2: 5 daAuts
